Map: Blackburn LE

Players

souL

  • Race: Terran Terran

MarineLorD - Winner!

  • Race: Terran Terran
  • League: Master

Event: DreamHack SC2 Masters 2021 Fall

VOD

Have the link to the VOD?

Description

Time

  • Played on: Aug. 6, 2021, 11:16 a.m.
  • Length: 18:43

All games in this series

Show
View Real Time Build Order
Export as new Build Order

souL Terran 

Build Orders:  

Get SALT Encoding   

  12  0:00  SCV  
  13  0:12  SCV  
  14  0:17  Supply Depot  
  14  0:24  SCV  
  15  0:39  SCV  
  15  0:40  Barracks  
  16  0:44  Refinery  
  16  0:51  SCV  
  16  0:54  Refinery  
  17  1:03  SCV  
  18  1:15  SCV  
  19  1:28  Reaper  
  19  1:29  Orbital Command  
  19  1:32  Supply Depot  
  20  1:46  Factory  
  20  1:56  SCV  
  20  2:00  Reaper  
  22  2:08  SCV  
  23  2:20  SCV  
  24  2:25  Command Center  
  24  2:30  Hellion  
  24  2:33  SCV  
  24  2:34  Barracks Reactor  
  27  2:40  Supply Depot  
  27  2:45  SCV  
  28  2:52  Hellion  
  28  2:57  SCV  
  30  3:03  Starport  
  30  3:09  SCV  
  30  3:11  Marine x2  
  33  3:14  Factory Tech Lab  
  33  3:21  SCV  
  34  3:29  Marine x2  
  34  3:33  SCV  
  37  3:39  Orbital Command  
  35  3:42  Siege Tank  
  35  3:44  Starport Tech Lab  
  35  3:45  SCV  
  35  3:47  Refinery  
  39  3:51  Marine x2  
  41  3:57  SCV  
  41  4:01  Supply Depot  
  42  4:03  Raven  
  42  4:04  SCV  
  42  4:09  SCV  
  46  4:12  Marine  
  46  4:14  Marine  
  46  4:16  SCV  
  49  4:21  SCV, Siege Tank  
  53  4:28  SCV  
  53  4:29  Marine  
  55  4:34  SCV  
  55  4:35  Supply Depot  
  56  4:40  SCV  
  57  4:47  Command Center  
  57  4:50  Raven  
  57  4:52  SCV  
  60  4:57  Cyclone  
  60  4:59  SCV  
  64  5:04  SCV  
  64  5:05  Supply Depot  
  65  5:09  Supply Depot  
  65  5:11  SCV  
  66  5:14  Marine  
  66  5:15  Refinery  
  66  5:16  SCV  
  66  5:17  Marine  
  69  5:23  SCV  
  70  5:29  SCV  
  70  5:30  Siege Tank  
  74  5:35  SCV  
  76  5:42  SCV  
  76  5:45  Barracks x2  
  76  5:51  SCV  
  76  5:55  Viking x2  
  76  5:56  SCV  
  82  6:01  Orbital Command  
  82  6:04  Siege Tank  
  85  6:06  Marauder  
  85  6:07  Stimpack  
  87  6:12  SCV  
  87  6:13  SCV  
  89  6:18  Engineering Bay  
  89  6:19  Engineering Bay  
  89  6:24  SCV  
  90  6:28  Viking  
  89  6:36  Barracks Reactor, Siege Tank  
  89  6:37  Barracks Tech Lab  
  89  6:38  SCV  
  92  6:42  SCV  
  92  6:47  Viking  
  92  6:50  Marauder  
  92  6:51  SCV  
  97  6:56  Marine  
  97  6:57  SCV  
  97  6:58  Viking  
  92  7:06  SCV  
  90  7:10  SCV  
  90  7:11  Marauder  
  90  7:12  Marine  
  90  7:14  Marine  
  90  7:16  Marine  
  90  7:17  Viking  
  90  7:22  SCV  
  92  7:26  Siege Tank  
  97  7:32  Marine x2  
  97  7:33  Marine  
  100  7:38  Marine  
  100  7:41  SCV  
  101  7:48  SCV  
  101  7:50  Marine x2  
  101  7:51  Marine, Liberator x2  
  97  7:57  Marine  
  100  7:59  Siege Tank  
  87  8:08  Marine x2, SCV  
  87  8:09  Marine  
  81  8:15  Marine  
  78  8:22  SCV x2  
  78  8:25  Marine  
  78  8:26  Marauder  
  83  8:27  Marine, Orbital Command  
  83  8:31  Siege Tank  
  83  8:33  Marine  
  83  8:34  Supply Depot, Medivac  
  90  8:36  Barracks  
  90  8:37  Barracks  
  90  8:39  Medivac  
  92  8:43  Marine  
  92  8:44  Marine  
  92  8:46  SCV  
  92  8:47  Marine  
  96  8:49  Refinery, Combat Shield  
  96  8:50  Refinery  
  96  8:51  Marine  
  96  8:53  SCV  
  98  8:55  SCV  
  98  8:58  SCV  
  98  9:02  Marine, Marauder  
  102  9:05  SCV  
  102  9:07  SCV, Medivac  
  102  9:08  Marauder  
  109  9:20  Supply Depot x3  
  109  9:21  Supply Depot  
  109  9:32  Barracks Reactor, Barracks Tech Lab  
  109  9:40  SCV  
  109  9:41  Marine x2, SCV, Marauder x2  
  109  9:42  Siege Tank  
  117  9:49  Medivac x2  
  118  9:53  Marine  
  118  9:59  Marine x2  
  121  10:03  Marauder x2  
  125  10:11  Marauder  
  125  10:13  Marine  
  125  10:14  Siege Tank  
  125  10:15  SCV  
  125  10:16  Marine x2  
  125  10:17  SCV  
  132  10:21  Armory  
  132  10:23  Command Center  
  132  10:25  Refinery x2  
  132  10:28  Medivac  
  132  10:29  Marauder  
  132  10:30  Marine, Medivac  
  132  10:32  Marine  
  132  10:33  Marauder  
  133  10:40  SCV  
  133  10:41  Supply Depot x2  
  134  10:43  Armory, Terran Infantry Weapons Level 1  
  134  10:44  Terran Infantry Armor Level 1  
  134  10:46  Siege Tank  
  134  10:48  SCV  
  137  10:50  Marauder  
  137  10:52  SCV  
  137  10:54  Marauder  
  137  10:56  Marine  
  124  10:57  Marine  
  124  10:58  Marauder  
  124  11:01  Medivac x2  
  124  11:02  Marine  
  130  11:11  Marauder  
  130  11:12  SCV  
  130  11:13  SCV  
  130  11:16  Marauder  
  135  11:19  Terran Vehicle Weapons Level 1  
  135  11:21  SCV  
  135  11:24  SCV  
  138  11:25  SCV  
  138  11:28  Siege Tank  
  138  11:30  Marauder  
  138  11:31  Medivac  
  138  11:32  Terran Vehicle And Ship Armor Level 1  
  145  11:33  SCV, Marauder  
  145  11:36  SCV  
  150  11:42  Marine, Marauder  
  150  11:45  Medivac  
  155  11:51  Starport, Marauder  
  155  11:52  Starport  
  156  11:55  Marine  
  156  11:56  Marauder  
  156  11:57  Marine  
  156  11:59  Marine  
  156  12:01  Medivac  
  163  12:04  Marine, Marauder  
  166  12:12  Marine  
  166  12:13  Marine  
  166  12:15  Medivac  
  168  12:18  Marine, Marauder  
  168  12:19  Marine  
  170  12:26  Marine, Siege Tank, Marauder  
  171  12:33  Planetary Fortress  
  171  12:35  Marine, Marauder  
  174  12:37  Starport Tech Lab  
  174  12:38  Starport Tech Lab  
  174  12:40  Terran Infantry Weapons Level 2, Marauder  
  174  12:43  SCV x3  
  179  12:48  Terran Infantry Armor Level 2  
  179  12:55  SCV  
  174  13:00  Raven x2  
  174  13:03  Marine, Marauder  
  174  13:04  Marauder  
  183  13:07  Marine  
  183  13:08  Marauder  
  183  13:09  SCV  
  187  13:18  Supply Depot  
  187  13:19  Marine  
  187  13:29  Marauder x2  
  187  13:35  Marine  
  187  13:38  Viking  
  187  13:39  Marine, Viking, Marauder  
  187  13:40  Siege Tank  
  188  13:43  Viking  
  187  13:51  Marauder x2  
  188  13:56  Marine  
  188  13:59  Raven  
  188  14:01  Marauder  
  193  14:05  Marine  
  193  14:07  Marine  
  193  14:09  Marine  
  183  14:11  Medivac  
  183  14:12  Marauder x2  
  183  14:13  Raven, Medivac  
  176  14:22  Marauder  
  176  14:24  Command Center  
  176  14:27  Corvid Reactor  
  176  14:30  Marine  
  175  14:33  Marauder x2  
  174  14:38  Marine  
  174  14:41  Viking  
  174  14:42  Raven  
  174  14:43  Medivac  
  174  14:44  Marauder  
  177  14:54  Marine  
  177  14:55  Marauder x2  
  177  14:56  Raven  
  184  15:00  Starport  
  184  15:01  Starport  
  181  15:11  Medivac  
  183  15:25  Raven  
  183  15:27  Marine  
  168  15:28  Marine  
  168  15:30  Medivac  
  169  15:36  Command Center  
  169  15:39  Medivac, Command Center  
  169  15:41  Medivac, Starport Tech Lab  
  169  15:42  Starport Tech Lab  
  160  16:00  Medivac  
  162  16:05  Marine  
  162  16:06  Marauder x3  
  162  16:10  Marine  
  174  16:12  Marine x2  
  135  16:23  Marine  
  127  16:27  Marine, Marauder x2  
  127  16:28  Marine  
  127  16:30  Marine x2  
  127  16:32  Viking x5  
  137  16:33  Raven  
  136  16:41  Marine  
  136  16:45  Marauder  
  136  16:46  Marine  
  140  16:47  Marine  
  140  16:48  Marauder  
  140  16:49  Marauder  
  140  16:51  Marine  
  146  17:01  Marine  
  139  17:02  Raven  
  139  17:04  Marine  
  139  17:06  Marauder  
  139  17:07  Medivac  
  142  17:10  Marine, Marauder x2  
  142  17:11  Marine  
  140  17:18  Marine  
  140  17:20  Raven  
  140  17:22  Marine  
  142  17:28  Marine x2, Marauder  
  146  17:31  Marauder x2  
  146  17:36  Marine  
  151  17:39  Marine, Raven  
  154  17:49  Marauder  
  154  17:53  Marauder x2  
  154  17:57  Marine  
  148  17:59  Marine  
  148  18:04  Marine  
  114  18:07  Marine  
  114  18:11  Marauder  
  97  18:14  Marauder x2  
  78  18:24  Marine  
Show
View Real Time Build Order
Export as new Build Order

MarineLorD Terran - Winner!

Build Orders: Cyclone Opening, Mech 

Get SALT Encoding   

  12  0:00  SCV  
  13  0:12  SCV  
  14  0:17  Supply Depot  
  14  0:24  SCV  
  15  0:38  SCV  
  15  0:40  Barracks  
  16  0:43  Refinery  
  16  0:50  SCV  
  16  0:53  Refinery  
  17  1:03  SCV  
  18  1:15  SCV  
  19  1:26  Reaper  
  19  1:27  Orbital Command  
  19  1:28  Supply Depot  
  20  1:40  Factory  
  20  1:52  SCV  
  21  1:58  Reaper  
  22  2:04  SCV  
  23  2:16  SCV  
  23  2:20  Command Center  
  24  2:24  Factory Tech Lab  
  24  2:28  SCV  
  25  2:40  SCV  
  25  2:41  Supply Depot  
  25  2:42  Cyclone  
  29  2:52  SCV  
  29  2:57  Starport  
  30  3:05  SCV  
  31  3:11  Barracks Tech Lab  
  31  3:15  Cyclone  
  31  3:17  Refinery, SCV  
  35  3:25  Refinery  
  35  3:29  SCV  
  35  3:34  SCV  
  35  3:43  SCV  
  35  3:46  Raven, Orbital Command  
  38  3:56  SCV  
  38  3:59  Siege Tank  
  42  4:08  SCV  
  43  4:11  SCV  
  43  4:12  Supply Depot  
  44  4:20  SCV  
  44  4:23  SCV  
  46  4:27  Supply Depot  
  46  4:29  Raven  
  48  4:32  Siege Tank  
  48  4:33  SCV  
  48  4:36  SCV  
  53  4:39  Barracks Reactor  
  53  4:43  Factory  
  53  4:45  SCV  
  54  4:47  Supply Depot  
  54  4:48  SCV  
  55  4:57  SCV  
  56  5:00  SCV  
  56  5:03  Supply Depot  
  56  5:06  Siege Tank  
  60  5:09  SCV  
  60  5:12  SCV  
  62  5:19  Viking x2  
  66  5:22  SCV  
  66  5:24  SCV  
  68  5:34  SCV  
  69  5:36  SCV  
  69  5:38  Siege Tank x2  
  69  5:39  Supply Depot  
  76  5:46  SCV  
  76  5:48  SCV  
  76  5:49  Viking x2  
  82  5:57  Command Center  
  82  6:01  Supply Depot  
  82  6:10  Siege Tank x2  
  88  6:19  Viking  
  88  6:23  Viking  
  92  6:31  SCV x2  
  94  6:35  Factory  
  94  6:43  SCV  
  94  6:44  SCV  
  96  6:49  Viking  
  96  6:53  Viking  
  98  6:55  SCV  
  98  6:56  SCV  
  98  7:00  Siege Tank  
  100  7:07  SCV  
  100  7:08  SCV  
  99  7:14  Siege Tank  
  101  7:15  SCV  
  101  7:19  SCV  
  101  7:21  SCV  
  103  7:29  Orbital Command  
  103  7:30  Refinery x2  
  103  7:31  SCV, Armory  
  103  7:32  Armory  
  103  7:33  Factory Reactor  
  103  7:35  SCV, Engineering Bay  
  105  7:43  SCV  
  103  7:47  SCV  
  103  7:49  Siege Tank  
  103  7:56  SCV  
  100  7:59  SCV  
  91  8:08  Viking  
  91  8:09  Viking  
  91  8:11  SCV  
  87  8:16  SCV x2  
  89  8:20  Siege Tank, Hellion x2  
  89  8:21  Terran Vehicle Weapons Level 1, Terran Vehicle And Ship Armor Level 1  
  89  8:22  Command Center  
  89  8:26  SCV  
  97  8:28  SCV  
  97  8:30  SCV  
  99  8:35  Hellion  
  99  8:38  SCV  
  99  8:40  Sensor Tower  
  102  8:41  Sensor Tower, Hellion, Viking  
  102  8:45  Viking  
  108  8:49  SCV x2  
  108  8:50  SCV  
  111  8:56  Siege Tank  
  111  9:01  SCV  
  115  9:04  Hellion  
  115  9:07  Missile Turret  
  115  9:08  Supply Depot  
  117  9:10  Hellion x2  
  117  9:11  Viking  
  123  9:17  Missile Turret  
  123  9:18  Infernal Pre-Igniter  
  123  9:19  Missile Turret  
  123  9:21  Factory x2  
  123  9:22  SCV x2  
  125  9:30  Hellion x2  
  129  9:33  Supply Depot x2  
  129  9:34  Supply Depot  
  129  9:36  Siege Tank  
  130  9:50  SCV x2  
  130  9:51  Siege Tank  
  134  9:54  Hellion  
  134  9:55  Hellion  
  138  10:06  Factory Reactor, Factory Tech Lab  
  138  10:08  Siege Tank  
  138  10:11  SCV  
  139  10:20  Missile Turret  
  139  10:23  Missile Turret  
  139  10:24  Siege Tank  
  142  10:31  Siege Tank  
  142  10:33  Hellion x2  
  147  10:40  Siege Tank  
  147  10:42  Command Center  
  150  10:44  Liberator  
  150  10:45  Planetary Fortress, Liberator  
  150  10:47  SCV x2  
  150  10:48  Refinery  
  150  10:49  Refinery  
  139  10:58  Siege Tank  
  139  10:59  Hellion x2  
  139  11:00  SCV  
  139  11:03  SCV x2  
  152  11:11  Sensor Tower  
  152  11:12  SCV, Siege Tank  
  152  11:15  SCV, Terran Vehicle And Ship Armor Level 2  
  152  11:18  Terran Vehicle Weapons Level 2  
  154  11:23  Hellion x4  
  162  11:35  Missile Turret  
  162  11:37  Siege Tank  
  162  11:38  Siege Tank  
  162  11:39  Viking x2  
  172  11:47  Starport  
  172  11:48  Starport, Hi-Sec Auto Tracking  
  172  11:56  Missile Turret  
  172  12:01  Siege Tank  
  172  12:02  Hellion x4  
  172  12:05  Supply Depot  
  172  12:06  Supply Depot, Hellion x3  
  183  12:09  Siege Tank  
  183  12:12  Command Center  
  186  12:19  Smart Servos, Missile Turret  
  184  12:31  Viking x2  
  188  12:40  Starport Reactor  
  188  12:41  Starport Reactor  
  194  13:02  Thor x2  
  200  13:25  Hellion x8  
  200  13:27  Planetary Fortress  
  200  13:28  Fusion Core  
  200  13:31  Command Center  
  200  13:32  Command Center  
  200  13:37  Refinery  
  200  13:38  Refinery  
  200  13:40  Siege Tank  
  200  13:41  Hellion x2  
  200  13:44  Viking x2  
  200  13:53  Siege Tank x2  
  200  13:59  Orbital Command  
  171  14:10  SCV x4  
  171  14:13  Siege Tank  
  171  14:14  Viking x4  
  171  14:15  Viking x2  
  176  14:22  SCV x3, Terran Vehicle And Ship Armor Level 3, Terran Vehicle Weapons Level 3  
  179  14:25  SCV x2, Siege Tank  
  179  14:26  Planetary Fortress  
  179  14:31  Sensor Tower  
  184  14:34  SCV x2  
  184  14:45  Siege Tank x2  
  187  14:46  Hellion x4  
  195  14:58  Siege Tank  
  196  15:17  Siege Tank  
  170  15:29  Siege Tank  
  170  15:30  Siege Tank  
  170  15:31  Hellion x4  
  170  15:33  Liberator x3  
  185  15:49  Siege Tank  
  188  15:52  Hellion  
  190  16:00  Liberator x3  
  196  16:17  Siege Tank x2  
  186  16:22  Liberator x2  
  184  16:27  Command Center  
  184  16:29  Command Center  
  184  16:33  Command Center  
  184  16:40  Liberator  
  184  16:42  Hellion x5, Liberator  
  194  17:05  Hellion x4  
  198  17:14  Command Center  
  200  17:23  Hellion  
  200  17:25  Command Center  
  195  17:44  Planetary Fortress  
  195  17:49  Missile Turret  
  195  17:51  Orbital Command x2  
  195  17:53  Refinery  
  195  17:54  Refinery  
  195  17:59  Factory  
  195  18:00  Siege Tank x3, Factory  
  195  18:01  Factory  
  195  18:05  Hellion x4  
  195  18:11  Missile Turret  

Tags
 
Add a new tag
Caveats
  • Supply blocks, unpowered buildings, or Contaminate may cause inaccurate times.
  • Supply counts are checked every 10 seconds.